 Dungeon Crawl Stone Soup version 0.24-a0-250-g6074511 (webtiles) character file.

Game seed: 10656158815529322759

734 Borgoz the Cutter (level 8, -3/48 HPs)
             Began as a Kobold Gladiator on Apr 14, 2019.
             Killed from afar by an orc wizard (6 damage)
             ... with a magic dart
             ... on level 6 of the Dungeon.
             The game lasted 00:07:55 (4748 turns).

Borgoz the Cutter (Kobold Gladiator)                Turns: 4748, Time: 00:07:56

Health: -3/48      AC:  5    Str: 13    XL:     8   Next: 4%
Magic:  17/17      EV: 18    Int:  9    God:
Gold:   329        SH:  0    Dex: 17    Spells: 7/7 levels left

rFire    . . .     SeeInvis .   a - +0 dagger (elec)
rCold    . . .     Gourm    .   (shield restricted)
rNeg     . . .     Faith    .   o - +0 leather armour
rPois    .         Spirit   .   c - +0 helmet
rElec    .         Reflect  .   (no cloak)
rCorr    .         Harm     .   l - +0 pair of gloves
MR       .....                  (no boots)
Stlth    +.........             (no amulet)
HPRegen  0.16/turn              (no ring)
MPRegen  0.15/turn              s - ring of magical power

@: no status effects
A: small, carnivore
a: no special abilities


You were on level 6 of the Dungeon.
You were very full.

You visited 1 branch of the dungeon, and saw 6 of its levels.

You collected 329 gold pieces.

Inventory:

Hand Weapons
 a - a +0 dagger of electrocution (weapon)
 b - a +4 short sword of freezing
 v - a +2 dagger of speed
 w - a +0 rapier
Missiles
 d - 2 throwing nets (quivered)
Armour
 c - a +0 helmet (worn)
 l - a +0 pair of gloves (worn)
 o - a +0 leather armour (worn)
Jewellery
 s - a ring of magical power (right hand)
Wands
 n - a wand of random effects (13)
 u - a wand of iceblast (11)
 B - a wand of acid (5)
 E - a wand of enslavement (4)
Scrolls
 g - a scroll of amnesia
 j - 2 scrolls of fog
 x - 3 scrolls of enchant armour {unknown}
 y - a scroll of blinking
 z - 2 scrolls of teleportation {unknown}
 C - a scroll of remove curse
Potions
 e - a potion of heal wounds
 h - 4 potions of curing
 i - a potion of agility {unknown}
 k - a potion of mutation
 m - a potion of invisibility {unknown}
 p - 2 potions of brilliance {unknown}
 q - a potion of degeneration {unknown}
 r - 2 potions of haste
 t - 2 potions of magic
 A - a potion of might {unknown}
Comestibles
 f - 13 rations


   Skills:
 + Level 4.9 Fighting
 + Level 6.8 Short Blades
 - Level 2.1 Throwing
 + Level 3.1 Armour
 + Level 6.1 Dodging


You had 7 spell levels left.
You didn't know any spells.
Your spell library was empty.

Dungeon Overview and Level Annotations

Branches:
Dungeon (6/15)
 Temple: D:4-7

Altars:
Fedhas
Kikubaaqudgha
Nemelex Xobeh
Ru
Sif Muna
Wu Jian
Zin

Annotations:
D:2 exclusion: oklob plant
D:3 Grinder


Innate Abilities, Weirdness & Mutations

You are small and have problems with some larger weapons.
You are carnivorous and can eat meat at any time.


Message History

The orc priest hits you but does no damage.
The orc warrior hits you from afar with a +0 halberd of protection.
Something barely misses you. Something hits you but does no damage.
The orc priest hits you with a +0 hand axe!
A magic dart appears from out of thin air!
The magic dart hits something.
The orc wizard casts a spell.
The orc wizard seems to speed up.
Something hits you.
* * * LOW HITPOINT WARNING * * *
You hear a shout!
A magic dart appears from out of thin air!
The magic dart hits you!
* * * LOW HITPOINT WARNING * * *
There is a stone staircase leading up here.
Something hits you.
* * * LOW HITPOINT WARNING * * *
You hear some strange, mumbled words.
A magic dart appears from out of thin air!
The magic dart hits you.
You die...

#.. ....# #..
....#
.o####....#
###.###.##.##.#
........o....#
##.###.#.o..#
......oo##.#.#
###.######.#.#
#....@.o.#..
##########<##
..# ###


You could see an orc.

Vanquished Creatures
  Sigmund (D:3)
  A phantom (D:4)
  A howler monkey (D:5)
  A jelly (D:5)
  2 orc priests
  2 hounds
  An orc wizard (D:3)
  Terence (D:3)
  An iguana (D:5)
  A worker ant (D:4)
  9 adders
  2 shadow imps
  An ooze (D:2)
  An adder zombie (D:5)
  2 worms
  A dart slug (D:5)
  5 leopard geckos
  12 orcs
  2 giant cockroaches
  10 goblins
  7 hobgoblins
  3 jackals (D:1)
  8 kobolds
  3 ball pythons
  3 bats
  7 frilled lizards
  20 rats
108 creatures vanquished.

Vanquished Creatures (others)
  10 toadstools (D:2)
10 creatures vanquished.

Grand Total: 118 creatures vanquished

Notes
Turn   | Place    | Note
-------+----------+-------------------------------------------
     0 | D:1      | Borgoz the Kobold Gladiator began the quest for the Orb.
     0 | D:1      | Reached XP level 1. HP: 12/12 MP: 1/1
    49 | D:1      | Reached XP level 2. HP: 18/18 MP: 2/2
   446 | D:1      | Reached XP level 3. HP: 22/22 MP: 3/3
   853 | D:2      | Reached skill level 1 in Armour
   881 | D:2      | Reached XP level 4. HP: 20/27 MP: 4/4
  1436 | D:2      | Reached skill level 5 in Short Blades
  1555 | D:2      | Found a blossoming altar of Fedhas.
  1568 | D:2      | Noticed an oklob plant
  1762 | D:3      | Noticed Terence
  1770 | D:3      | Killed Terence
  1770 | D:3      | Reached XP level 5. HP: 25/32 MP: 5/5
  1787 | D:3      | Noticed Sigmund
  1797 | D:3      | Killed Sigmund
  1797 | D:3      | Reached skill level 5 in Dodging
  1797 | D:3      | Reached XP level 6. HP: 33/38 MP: 6/6
  1810 | D:3      | Found a sacrificial altar of Ru.
  1811 | D:3      | Noticed Grinder
  2349 | D:4      | Noticed a phantom
  2363 | D:4      | Killed a phantom
  2363 | D:4      | Reached XP level 7. HP: 31/43 MP: 7/7
  2489 | D:4      | Found a glowing silver altar of Zin.
  2489 | D:4      | Found an ancient bone altar of Kikubaaqudgha.
  3194 | D:4      | Found a sparkling altar of Nemelex Xobeh.
  3394 | D:5      | Entered Level 5 of the Dungeon
  3395 | D:5      | Found a deep blue altar of Sif Muna.
  3752 | D:5      | Found an ornate altar of the Wu Jian Council.
  4210 | D:5      | Reached XP level 8. HP: 17/48 MP: 8/8
  4748 | D:6      | Killed from afar by an orc wizard

Levels and vault maps discovered:
D:1:      erik_arrival_orb_chamber, layout_basic
D:2:      cheibrodos_greedy_goblins, layout_loops_cross, tgw_fedhas,
          hangedman_decor_peaks_small
D:3:      layout_basic, nicolae_overflow_hidden_temple, hangedman_decor_push,
          chequers_decorated_corner, uniq_grinder, uniq_terence, uniq_sigmund
D:4:      layout_loops_ring, amethyst_overflow_temple_binary,
          kennysheep_little_box, first_ration, supply_closet_lemuel
D:5:      layout_loops_ring, old_standard_altar, basic_altar,
          minmay_fractal_squares_5
D:6:      layout_loops_ring, grunt_ministairs_12

Skill      XL: |  1  2  3  4  5  6  7 |
---------------+----------------------+-----
Dodging        | 4 5 6 |  6.1
Armour         | 1 2 3 |  3.1
Fighting       | 3 4 |  4.9
Short Blades   | 5 6 |  6.8
Throwing       | |  2.1

Action                   |  1- 3 |  4- 6 |  7- 9 || total
-------------------------+-------+-------+-------++-------
Melee: Rapier            |    98 |    22 |       ||   120
       Dagger            |       |   140 |   157 ||   297
Throw: Throwing net      |       |       |     1 ||     1
  Use: Scroll            |       |     6 |     8 ||    14
 Stab: Sleeping          |     2 |       |     1 ||     3
  Eat: Chunk             |     7 |     6 |     7 ||    20
Armor: Leather armour    |    14 |    15 |    17 ||    46
Dodge: Dodged            |    71 |    76 |    88 ||   235

Table legend:
 A = Non-vault XP
 B = Vault XP
 C = Vault XP percentage of total XP
 D = Non-vault monster count
 E = Vault monster count
 F = Vault count percentage of total count
                 A         B        C        D         E       F
            +---------+---------+-------+---------+---------+-------
      Total |     718 |     331 |  31.6 |      80 |      28 |  25.9
            +---------+---------+-------+---------+---------+-------
        D:1 |      21 |      12 |  36.4 |      12 |      12 |  50.0
        D:2 |      76 |      17 |  18.3 |      22 |       9 |  29.0
        D:3 |      83 |     248 |  74.9 |      19 |       2 |   9.5
        D:4 |     296 |       0 |   0.0 |      15 |       0 |   0.0
        D:5 |     231 |      54 |  18.9 |      11 |       5 |  31.2
        D:6 |      11 |       0 |   0.0 |       1 |       0 |   0.0
            +---------+---------+-------+---------+---------+-------
